Match 45845300
Unlisted

Match 45845300
End
Kettenkrad Recon Vehicle
Construct Infanterie Kompanie
Grenadier Squad
MG 42 Machine Gun Team
Grenadier Squad
Selects Breakthrough Battlegroup
Selects Assault Grenadiers
Construct Luftwaffe Kompanie
Selects Breakthrough
Grenadier Squad
Support Elements
GrW 34 Mortar Team
Medical Station
221 Scout Car
Selects Mechanized Assault Group
Mechanized Assault Group
Construct Panzergrenadier Kompanie
Pioneer Squad
Selects Rapid Production
StuG III G Assault Gun
Selects Blitzkrieg
Panzergrenadier Squad
StuG III G Assault Gun
Side Skirts
StuG III G Assault Gun
Blitzkrieg
Nebelwerfer 42 Rocket Launcher Team
Selects Panzer IV Command Tank Sd.Kfz. 161/1
Selects Tiger Heavy Tank
Breakthrough
Jäger Squad
Feli793
Liberator4515
0
0

Comments sign in to comment!

No comments posted yet!